 Dungeon Crawl Stone Soup version 0.32-a0-329-ge6c31236d6 (webtiles) character file.

Game seed: 4160450669972356951

1 Bravepunisher the Ducker (level 1, 0/11 HPs)
             Began as a Spriggan Monk on Feb 16, 2024.
             Slain by an orc
             ... wielding a +2 antimagic flail
              (5 damage)
             ... on level 5 of the Dungeon.
             The game lasted 00:01:22 (249 turns).

Bravepunisher the Ducker (Spriggan Monk)             Turns: 249, Time: 00:01:23

Health: 0/11       AC:  2    Str:  7    XL:     1   Next: 16%
Magic:  2/2        EV: 18    Int: 11    God:
Gold:   6          SH:  0    Dex: 17    Spells: 0/0 levels left

rFire   . . .        a - +0 short sword
rCold   . . .        (no shield)
rNeg    . . .        b - +0 robe
rPois   .            (helmet restricted)
rElec   .            (no cloak)
rCorr   .            (gloves unavailable)
SInv    +            (boots unavailable)
Will    .....        (no amulet)
Stlth   ++           (no ring)
HPRegen 0.21/turn    (no ring)
MPRegen 0.08/turn

%: no passive effects
@: very quick
A: very small, no large weapons, unfitting armour, see invisible, speed 3
a: no special abilities


You were on level 5 of the Dungeon.
You visited 1 branch of the dungeon, and saw 6 of its levels.

You collected 6 gold pieces.

Inventory:

Hand Weapons
 a - a +0 short sword (weapon)
Armour
 b - a +0 robe (worn)
Potions
 c - a potion of ambrosia
 d - a potion of degeneration {unknown}
 e - a potion of magic {unknown}


   Skills:
 + Level 2.4 Fighting
 - Level 3.2 Short Blades
 * Level 4.1 Dodging


You couldn't memorise any spells.
You didn't know any spells.
Your spell library contained the following spells:

 Spells                   Type           Power      Damage    Failure   Level
 Frozen Ramparts          Ice            0%         1d1       71%         3
 Leda's Liquefaction      Alch/Erth      0%         N/A       98%         4
 Petrify                  Alch/Erth      0%         N/A       98%         4
 Metabolic Englaciation   Hex/Ice        0%         N/A       100%        5


Dungeon Overview and Level Annotations

Branches:
Dungeon (6/15)
 Temple: D:4-7

Altars:

Shops:
D:2 (


Innate Abilities, Weirdness & Mutations

You are very small and have problems with some larger weapons.
You are too small for most types of armour.
You have supernaturally acute eyesight. (SInv)
You cover ground extremely quickly. (Speed+++)


Message History

There is a stone staircase leading up here.
You climb upwards.
The jelly quivers.
There is a stone staircase leading down here.
Found a thick runed staff.
Found a tiny zirconium amulet.
The jelly barely misses you.
The jelly jiggles.
There is a stone staircase leading up here.
The jelly closely misses you.
You climb upwards.
Found a stone staircase leading down.
There is a stone staircase leading down here.
Found a stone staircase leading up.
A giant cockroach comes into view.
There is a stone staircase leading down here.
You climb downwards.
There is a stone staircase leading up here.
There is a stone staircase leading up here.
You pick up a book of Sloth and begin reading...
You add the spells Frozen Ramparts, Leda's Liquefaction, Petrify and Metabolic Englaciation to your library.
A quokka comes into view.
A quokka is nearby!
An adder comes into view.
Found an embroidered scarf.
The adder hisses angrily.
The adder attacks as it pursues you! The adder closely misses you.
Found a fluorescent wand.
A hound comes into view.
The hound barks!
You hear a shout!
An orc comes into view. It is wielding a +0 short sword.
The hound closely misses you. The hound bites you.
The hound attacks as it pursues you!
The hound bites you. 2 orcs come into view.
An orc is wielding a +2 antimagic flail.
The orc shouts!
The orc shouts!
The orc hits you with a +2 antimagic flail.
You die...

#... #..# #..#
.#####..# ##
#........# ...
#........#
###.##..#.#...#
#.......#.#.o@#
#.........o.o.#
#.........#.h##
..##.......###..#
.s##............#
..#######.#######
..# #...# ..##
#...# .... #...#


You could see a hound and 3 orcs.

Vanquished Creatures
  A ball python (D:2)
1 creature vanquished.

Notes
Turn   | Place    | Note
-------+----------+-------------------------------------------
     0 | D:1      | Bravepunisher the Spriggan Monk began the quest for the
                  | Orb.
     0 | D:1      | Reached XP level 1. HP: 11/11 MP: 2/2
     8 | D:2      | Found Reloa's Antique Weapon Emporium.
    69 | D:3      | You fall into a shaft and drop 3 floors!
    96 | D:5      | Entered Level 5 of the Dungeon
    96 | D:5      | Noticed a scorpion
   132 | D:5      | Noticed a jelly
   139 | D:6      | Noticed an ice beast
   239 | D:5      | Noticed a hound
   249 | D:5      | Slain by an orc

Illustrated notes

Levels and vault maps discovered:
D:1:      shiori_arrival_maze, layout_rooms, chequers_serial_rivers_small_3
D:2:      layout_loops_ring, serial_shops, shop, basic_altar
D:3:      layout_loops_ring, minmay_splitting_lines
D:4:      layout_loops_ring, minmay_temple_entry_overgrown, st_stairs_6,
          uniq_grinder, uniq_eustachio, uniq_ijyb
D:5:      layout_loops_cross, kennysheep_generic_room_11, uniq_menkaure
D:6:      layout_basic, serial_shops, nicolae_shop_trees

Action                     || total
---------------------------++-------
  Melee: Short sword       ||     3
 Armour: Robe              ||     4
  Dodge: Dodged            ||    11

Table legend: (Time is in decaauts)
 A = Elapsed time spent in this place.
 B = Non-inter-level travel time spent in this place.
 C = Inter-level travel time spent in this place.
 D = Time resting spent in this place.
 E = Time spent auto-exploring this place.
 F = Levels seen in this place.
 G = Mean time per level.
                   A        B        C        D        E       F      G
               +--------+--------+--------+--------+--------+-----+--------+
         Total |    159 |    159 |      0 |      0 |     44 |   6 |   26.5 |
       Dungeon |    159 |    159 |      0 |      0 |     44 |   6 |   26.5 |
               +--------+--------+--------+--------+--------+-----+--------+

Top non-repeatable levels by time:
     D:5: 83 daAuts
     D:2: 35 daAuts
     D:6: 23 daAuts
     D:1: 7 daAuts
     D:4: 5 daAuts
     D:3: 3 daAuts
